[Event "Titled Tuesday Blitz March 15 Early 2022"]
[White "Lazavik, Denis"]
[Black "Zheenbekov, Nurgazy"]
[WhiteFideId "13515110"]
[BlackFideId "13800485"]
[WhiteElo "2437"]
[BlackElo "1959"]
[Result "1-0"]
[Round "04"]
[TimeControl "180+1"]
[Date "2022.03.15"]
[WhiteClock "0:00:08"]
[BlackClock "0:00:07"]

1. d4 Nf6 2. c4 e6 3. Nf3 d5 4. Nc3 Be7 5. Bg5 O-O 6. e3 Nbd7 7. Qc2 c6 8. Rc1 dxc4 9. Bxc4 Nd5 10. Bxe7 Qxe7 11. O-O b6 12. Nxd5 cxd5 13. Bd3 h6 14. Qc7 Qd8 15. Qxd8 Rxd8 16. Rc7 Nf6 17. Ne5 Bd7 18. Rfc1 Be8 19. f3 Kf8 20. Ba6 Ng8 21. Bb7 Rab8 22. Bc6 Ne7 23. Bxe8 Kxe8 24. Rxa7 Rdc8 25. Rcc7 Rxc7 26. Rxc7 Ra8 27. a3 f6 28. Nd3 Rc8 29. Rxc8+ Nxc8 30. Kf2 Kd7 31. h4 Kd6 32. h5 e5 33. Ke2 Ne7 34. g4 Nc6 35. dxe5+ fxe5 36. Nf2 Na5 37. Kd3 Nc4 38. Nd1 e4+ 39. fxe4 Ne5+ 40. Kd4 dxe4 41. Nf2 Ke6 42. Kxe4 Nc4 43. Nd3 Nd2+ 44. Kd4 Nf3+ 45. Kc4 Nh2 46. Nf2 Nf1 47. Kd3 Ng3 48. a4 Ke5 49. b4 Kd5 50. a5 bxa5 51. bxa5 Kc5 52. Ne4+ Nxe4 53. Kxe4 1-0


[Site "https://www.chess.com"]

[Event "Titled Tuesday Blitz March 15 Early 2022"]
[White "Lou, Yiping"]
[Black "Agrest, Evgenij"]
[WhiteFideId "8603928"]
[BlackFideId "1705024"]
[WhiteElo "2412"]
[BlackElo "2574"]
[Result "1-0"]
[Round "04"]
[TimeControl "180+1"]
[Date "2022.03.15"]
[WhiteClock "0:01:15"]
[BlackClock "0:00:15"]

1. Nf3 d5 2. b3 f6 3. d4 c5 4. e3 Nc6 5. Bb2 a6 6. c4 e6 7. Bd3 Nh6 8. O-O dxc4 9. Bxc4 b5 10. Be2 Bb7 11. a4 bxa4 12. Rxa4 Be7 13. Qc2 Nb4 14. Qc1 Rc8 15. Nc3 Nf5 16. dxc5 Bxc5 17. Qb1 O-O 18. Bc4 Nd5 19. e4 Nxc3 20. Bxe6+ Kh8 21. Bxc3 Ne3 22. Bxc8 Qxc8 23. Rc1 Ng4 24. Bd4 Bxd4 25. Rxc8 Rxc8 26. Rxd4 1-0


[Site "https://www.chess.com"]

[Event "Titled Tuesday Blitz March 15 Early 2022"]
[White "Maksimovic, Bojan"]
[Black "Jaskolka, Tomasz"]
[WhiteFideId "14408120"]
[BlackFideId "1170791"]
[WhiteElo "2448"]
[BlackElo "2073"]
[Result "1/2-1/2"]
[Round "04"]
[TimeControl "180+1"]
[Date "2022.03.15"]
[WhiteClock "0:00:04"]
[BlackClock "0:00:04"]

1. Nf3 Nf6 2. b3 d5 3. Bb2 Bg4 4. Ne5 Bf5 5. e3 e6 6. Bd3 Bg6 7. Bxg6 hxg6 8. d3 c6 9. Nd2 Nbd7 10. Ndf3 Bd6 11. d4 Ne4 12. O-O g5 13. g3 f6 14. Nxd7 Qxd7 15. c4 Qf7 16. cxd5 exd5 17. Kg2 g4 18. Nd2 Qh5 19. Rh1 Qh3+ 20. Kg1 Ng5 21. Qf1 Qh5 22. Qg2 O-O-O 23. Kf1 Nf3 24. Ke2 Nxd2 25. Kxd2 Rde8 26. Rad1 Qf5 27. Kc1 Qe4 28. Qxe4 Rxe4 29. Kd2 Rh3 30. Ke2 Re8 31. Kf1 f5 32. Kg2 g6 33. Rde1 Kd7 34. f3 gxf3+ 35. Kxf3 Reh8 36. Kg2 Ke6 37. Bc3 g5 38. Bd2 g4 39. Ref1 R3h5 40. Bc3 Bc7 41. Bd2 Bd6 42. a4 R8h7 43. b4 b6 44. Rc1 Kd7 45. b5 c5 46. dxc5 Bxc5 47. Rcd1 Ke6 48. Bc1 Ke5 49. Bb2+ Ke6 50. Bd4 Kd6 51. Rc1 Re7 52. Rhe1 Reh7 53. Rh1 Re7 54. Bxc5+ bxc5 55. Rhe1 Re4 56. a5 Rh7 57. Rb1 Rb7 58. b6 axb6 59. a6 Rb8 60. a7 Ra8 61. Rxb6+ Kc7 62. Rb5 Kc6 63. Ra5 Rb4 64. Rc1 c4 65. Rca1 Rb7 66. Ra6+ Kc5 67. R1a5+ Kb4 68. Rxd5 Rbxa7 69. Rxa7 Rxa7 70. Rxf5 Rc7 71. Rf4 Kb3 72. Rxg4 c3 73. Rf4 c2 74. Rf1 Rd7 75. Rc1 Rd1 76. Rxc2 Kxc2 77. Kf3 Kd3 78. h4 Rf1+ 79. Kg4 Kxe3 80. h5 Ke4 81. h6 Ke5 82. Kg5 Ke6 83. h7 Rh1 84. Kg6 Rxh7 85. Kxh7 Kf5 86. Kh6 Kg4 87. Kg6 Kxg3 1/2-1/2


[Site "https://www.chess.com"]

[Event "Titled Tuesday Blitz March 15 Early 2022"]
[White "Maltsevskaya, Aleksandra"]
[Black "Shimanov, Aleksandr"]
[WhiteFideId "24174041"]
[BlackFideId "4198603"]
[WhiteElo "2241"]
[BlackElo "2636"]
[Result "0-1"]
[Round "04"]
[TimeControl "180+1"]
[Date "2022.03.15"]
[WhiteClock "0:00:35"]
[BlackClock "0:01:45"]

1. Nf3 Nf6 2. d4 g6 3. g3 Bg7 4. Bg2 O-O 5. O-O d6 6. b3 e5 7. dxe5 dxe5 8. Ba3 Qxd1 9. Rxd1 Re8 10. Nc3 e4 11. Nd4 a6 12. e3 Nbd7 13. Na4 Ne5 14. h3 b6 15. c4 Bb7 16. Rd2 h5 17. Rad1 h4 18. g4 Nh7 19. c5 b5 20. c6 Nxc6 21. Nc5 Nxd4 22. Nxb7 Nf3+ 23. Bxf3 exf3 24. Rd7 Ng5 25. Rxc7 Nxh3+ 26. Kh2 Nxf2 0-1


[Site "https://www.chess.com"]

[Event "Titled Tuesday Blitz March 15 Early 2022"]
[White "Manon-og, Ramon Jr."]
[Black "Nikulina, Alena"]
[WhiteFideId "5200776"]
[BlackFideId "4172051"]
[WhiteElo "2289"]
[BlackElo "1778"]
[Result "0-1"]
[Round "04"]
[TimeControl "180+1"]
[Date "2022.03.15"]
[WhiteClock "0:00:01"]
[BlackClock "0:00:22"]

1. e4 c5 2. Nf3 d6 3. Nc3 Nf6 4. Bc4 e6 5. O-O a6 6. d3 b5 7. Bb3 Bb7 8. a3 Be7 9. Ba2 O-O 10. Bg5 h6 11. Bh4 Nbd7 12. Qd2 Nb6 13. Rfe1 Re8 14. Re3 Ng4 15. Bxe7 Qxe7 16. Re2 Nf6 17. Rae1 b4 18. axb4 cxb4 19. Nd1 a5 20. Ne3 Rac8 21. h3 Nfd7 22. Kh2 Nf6 23. Ng4 Nxg4+ 24. hxg4 d5 25. exd5 Bxd5 26. Bxd5 Nxd5 27. Kg1 Qc7 28. c4 Nf4 29. Re4 Ng6 30. R1e3 Red8 31. Re2 a4 32. R2e3 a3 33. bxa3 bxa3 34. Qa2 Ra8 35. Qa1 Nf4 36. Qa2 Nxd3 37. Qa1 Nc5 38. Re5 a2 39. Re2 Rd1+ 40. Qxd1 a1=Q 41. Qxa1 Rxa1+ 42. Kh2 Nd3 43. Kg3 Nxe5 44. Kh4 Nxf3+ 0-1


[Site "https://www.chess.com"]

[Event "Titled Tuesday Blitz March 15 Early 2022"]
[White "Martin Carmona, Gaston Manuel"]
[Black "Avazkhonov, Alikhon"]
[WhiteFideId "22284567"]
[BlackFideId "14208504"]
[WhiteElo "2161"]
[BlackElo "1739"]
[Result "1-0"]
[Round "04"]
[TimeControl "180+1"]
[Date "2022.03.15"]
[WhiteClock "0:00:58"]
[BlackClock "0:00:01"]

1. d4 Nf6 2. c4 g6 3. Nc3 Bg7 4. e3 O-O 5. Nf3 d6 6. Be2 Nbd7 7. O-O e5 8. Qc2 Qe7 9. b4 b6 10. Bb2 Bb7 11. a4 a5 12. b5 Ne8 13. Nd5 Bxd5 14. cxd5 e4 15. Nd2 f5 16. Ra3 Ndf6 17. f3 Kh8 18. fxe4 fxe4 19. Bc1 Rd8 20. Rf4 Bh6 21. Rf2 Ng7 22. Bc4 Nf5 23. Nf1 Ng4 24. Re2 Qf6 25. Re1 Rde8 26. h3 Ngxe3 27. Nxe3 Nxd4 28. Qb2 Bg7 29. Ra2 Qh4 30. Qd2 Qg3 31. Kh1 Nf3 32. gxf3 Qxh3+ 33. Qh2 Qxf3+ 34. Rg2 h5 35. Rf1 Be5 36. Rxf3 exf3 37. Qh3 fxg2+ 38. Kxg2 Kg7 39. Bd3 Rf7 40. Nc4 Ref8 41. Nxe5 Rf2+ 42. Kg1 dxe5 43. Qe3 R2f3 44. Qxe5+ R8f6 45. Bb2 1-0


[Site "https://www.chess.com"]

[Event "Titled Tuesday Blitz March 15 Early 2022"]
[White "Mekhitarian, Krikor Sevag"]
[Black "Shevchenko, Kirill"]
[WhiteFideId "2107660"]
[BlackFideId "14129574"]
[WhiteElo "2598"]
[BlackElo "2624"]
[Result "0-1"]
[Round "04"]
[TimeControl "180+1"]
[Date "2022.03.15"]
[WhiteClock "0:00:06"]
[BlackClock "0:00:06"]

1. e4 c5 2. Nf3 Nc6 3. Bb5 g6 4. O-O Bg7 5. Re1 e5 6. a3 Nge7 7. b4 d6 8. bxc5 dxc5 9. Nc3 O-O 10. Bc4 b6 11. d3 h6 12. Rb1 Kh7 13. Nd5 Be6 14. Nxe7 Qxe7 15. Bd5 Qd6 16. c4 Rab8 17. Bd2 Rfd8 18. a4 Nb4 19. Bxb4 cxb4 20. a5 b5 21. Qb3 bxc4 22. dxc4 Qc5 23. a6 Rd6 24. Ra1 Rbb6 25. Ra4 Bd7 26. Ra2 Rxa6 27. Bxf7 Rxa2 28. Qxa2 a5 29. Bd5 a4 30. Rb1 Rb6 31. Ra1 b3 32. Qb2 Qb4 33. h3 Ra6 34. Nd2 Bc8 35. Kh2 Bf8 36. Nb1 a3 37. Nxa3 Rxa3 38. Rb1 Ra2 39. Qxb3 Qxb3 40. Rxb3 Bc5 41. Rb8 Ba6 42. Re8 h5 43. Rxe5 Bd6 44. f4 Bxe5 45. fxe5 Kg7 46. c5 Rc2 47. c6 Bb5 48. e6 Kf6 0-1


[Site "https://www.chess.com"]

[Event "Titled Tuesday Blitz March 15 Early 2022"]
[White "Migot, Tangi"]
[Black "Maghsoodloo, Parham"]
[WhiteFideId "662445"]
[BlackFideId "12539929"]
[WhiteElo "2520"]
[BlackElo "2630"]
[Result "0-1"]
[Round "04"]
[TimeControl "180+1"]
[Date "2022.03.15"]
[WhiteClock "0:00:13"]
[BlackClock "0:02:19"]

1. Nf3 d5 2. g3 c6 3. Bg2 Bf5 4. O-O Nd7 5. d3 h6 6. Qe1 e5 7. e4 dxe4 8. dxe4 Be6 9. a4 Ngf6 10. b3 a5 11. Ba3 Bxa3 12. Nxa3 Qc7 13. Qe2 O-O 14. Nd2 Rfd8 15. f4 Nc5 16. f5 Bc8 17. Nac4 b6 18. g4 Ba6 19. h4 Rxd2 20. Qxd2 Bxc4 21. bxc4 Nxg4 22. Rfd1 Qe7 23. Qe1 Nf6 24. Qe3 Nh5 25. Rab1 Nxa4 26. Qb3 b5 27. cxb5 cxb5 28. Qxb5 Nc3 29. Qc6 Qa7+ 30. Kh2 Nxb1 31. Rxb1 Rf8 32. Qb6 Qe7 33. Qf2 a4 34. Ra1 a3 35. c4 Rb8 36. Ra2 Rb3 37. Bf1 Ng3 38. Bg2 Qxh4+ 39. Kg1 Rb1+ 0-1


[Site "https://www.chess.com"]

[Event "Titled Tuesday Blitz March 15 Early 2022"]
[White "Milosevic, Milos"]
[Black "Nan, M K Khine Hlyan"]
[WhiteFideId "964875"]
[BlackFideId "13002899"]
[WhiteElo "2237"]
[BlackElo "1943"]
[Result "1-0"]
[Round "04"]
[TimeControl "180+1"]
[Date "2022.03.15"]
[WhiteClock "0:01:28"]
[BlackClock "0:01:10"]

1. e4 e5 2. Nf3 Nc6 3. Bb5 Bc5 4. O-O Nge7 5. Nxe5 Nxe5 6. d4 Bd6 7. dxe5 Bxe5 8. f4 Bf6 9. e5 c6 10. Be2 Bh4 11. g3 Nd5 12. gxh4 Qxh4 13. Qe1 Qh6 14. f5 Qh3 15. Rf3 Qh5 16. Rg3 Qxf5 17. Bd3 Qe6 18. Rxg7 d6 19. Qf2 dxe5 20. Nc3 Bd7 21. Bg5 f6 22. Nxd5 cxd5 23. Qxf6 Qxf6 24. Bxf6 e4 25. Rxd7 Kxd7 26. Bxh8 exd3 27. Bc3 dxc2 28. Rc1 Rg8+ 29. Kf1 Rf8+ 30. Ke2 Rg8 31. Kf3 Rf8+ 32. Ke3 Kd6 33. Bb4+ 1-0


[Site "https://www.chess.com"]

[Event "Titled Tuesday Blitz March 15 Early 2022"]
[White "Miszler, Levente"]
[Black "Baskin, Robert"]
[WhiteFideId "763276"]
[BlackFideId "24662402"]
[WhiteElo "1966"]
[BlackElo "2488"]
[Result "0-1"]
[Round "04"]
[TimeControl "180+1"]
[Date "2022.03.15"]
[WhiteClock "0:00:10"]
[BlackClock "0:00:24"]

1. Nf3 d5 2. g3 c5 3. Bg2 Nc6 4. d4 Nf6 5. O-O Bg4 6. c3 cxd4 7. cxd4 e6 8. Nc3 Be7 9. h3 Bh5 10. g4 Bg6 11. Nh4 Qc7 12. Nxg6 hxg6 13. e4 dxe4 14. Nxe4 Rd8 15. Be3 Nd5 16. Rc1 Qb8 17. Qf3 O-O 18. Rfd1 f5 19. Ng5 f4 20. Qe4 Bxg5 21. Qxe6+ Kh7 22. Bd2 Qd6 23. Qe4 Nf6 24. Qb1 Nxd4 25. Bc3 Ne2+ 26. Kh1 Qb6 27. Rc2 Qxf2 28. Re1 f3 29. Rcxe2 fxg2+ 30. Kh2 g1=Q# 0-1


[Site "https://www.chess.com"]

[Event "Titled Tuesday Blitz March 15 Early 2022"]
[White "Moroni, Luca Jr"]
[Black "Yang, Kaiqi"]
[WhiteFideId "865834"]
[BlackFideId "8604398"]
[WhiteElo "2573"]
[BlackElo "2373"]
[Result "1-0"]
[Round "04"]
[TimeControl "180+1"]
[Date "2022.03.15"]
[WhiteClock "0:00:46"]
[BlackClock "0:00:01"]

1. Nc3 Nf6 2. d4 d5 3. Bg5 e6 4. e4 dxe4 5. Nxe4 Be7 6. Bxf6 gxf6 7. Nf3 f5 8. Ng3 b6 9. a4 Bb7 10. a5 h5 11. h4 Qd6 12. Bb5+ c6 13. Be2 c5 14. O-O f4 15. Nh1 Rg8 16. dxc5 Qxc5 17. axb6 axb6 18. Rxa8 Bxa8 19. Qd3 Nd7 20. Ra1 Qc6 21. Qh7 Nf6 22. Bb5 Qxb5 23. Rxa8+ Kd7 24. Ra7+ Ke8 25. Ra8+ Kd7 26. Ra7+ Ke8 27. Qd3 Qxd3 28. cxd3 Kf8 29. Ne5 Nd5 30. f3 f6 31. Ra8+ Kg7 32. Rxg8+ Kxg8 33. Nc4 Bc5+ 34. Kf1 b5 35. Nd2 Bd4 36. b3 Ne3+ 37. Kf2 Nd1+ 38. Ke2 Ne3 39. g3 fxg3 40. Nxg3 f5 41. Nxh5 Kf7 42. Nf4 e5 43. Nh3 Kg6 44. f4 exf4 45. Nxf4+ Kh6 46. Nf3 Bb6 47. Ng5 1-0


[Site "https://www.chess.com"]

[Event "Titled Tuesday Blitz March 15 Early 2022"]
[White "Muradli, Mahammad"]
[Black "Bodnaruk, Anastasia"]
[WhiteFideId "13409301"]
[BlackFideId "4181751"]
[WhiteElo "2611"]
[BlackElo "2393"]
[Result "1-0"]
[Round "04"]
[TimeControl "180+1"]
[Date "2022.03.15"]
[WhiteClock "0:02:12"]
[BlackClock "0:00:56"]

1. g3 Nf6 2. Bg2 g6 3. b3 Bg7 4. Bb2 c5 5. c4 Nc6 6. Nf3 d6 7. O-O e5 8. Nc3 O-O 9. e3 h6 10. d3 Be6 11. Nd2 Qd7 12. Nde4 Ne8 13. Nd5 f5 14. Nec3 Nc7 15. a3 Bxd5 16. Nxd5 Kh7 17. b4 cxb4 18. Nxb4 Nxb4 19. axb4 d5 20. Qb3 Rfd8 21. cxd5 Nxd5 22. Rfc1 Ne7 23. Ra5 b6 24. Rxe5 Bxe5 25. Qf7+ 1-0


[Site "https://www.chess.com"]

[Event "Titled Tuesday Blitz March 15 Early 2022"]
[White "Navalgund, Niranjan"]
[Black "Eggleston, Thomas A"]
[WhiteFideId "5030854"]
[BlackFideId "412139"]
[WhiteElo "2290"]
[BlackElo "2174"]
[Result "1-0"]
[Round "04"]
[TimeControl "180+1"]
[Date "2022.03.15"]
[WhiteClock "0:01:22"]
[BlackClock "0:00:01"]

1. e4 e6 2. e5 d5 3. exd6 cxd6 4. d4 Nf6 5. Nf3 Be7 6. Bd3 O-O 7. g4 e5 8. g5 Nd5 9. Be4 Be6 10. c4 Nb4 11. a3 d5 12. Bxh7+ Kxh7 13. axb4 Bxb4+ 14. Bd2 Bxd2+ 15. Nbxd2 exd4 16. Qc2+ Kg8 17. c5 Nc6 18. h4 d3 19. Qxd3 Nb4 20. Qc3 a5 21. Nd4 Re8 22. O-O Qc7 23. f4 Bg4 24. Qg3 Qxc5 25. Nb3 Qc8 26. Rac1 Qd7 27. f5 Bh5 28. Rc7 Qd8 29. g6 Rc8 30. gxf7+ Bxf7 31. Ne6 Qf6 32. Rxc8 Rxc8 33. Nbc5 Be8 34. Nxb7 d4 35. Nd6 Ra8 36. Ne4 Qh6 37. f6 Bf7 38. N6g5 gxf6 39. Rxf6 Qg7 40. Rxf7 Qxf7 41. Nxf7+ Kxf7 42. Ng5+ Ke7 43. Qe5+ Kd7 44. Qxd4+ Kc7 45. Qc5+ Kb7 46. Qb5+ Kc7 47. Qc5+ Kb7 48. Ne6 Rc8 49. Qb5+ Ka8 50. Qxa5+ Kb7 51. Qxb4+ Kc6 52. Qc5+ Kd7 53. Qxc8+ Kxc8 54. h5 Kd7 55. Nd4 Ke7 56. b4 Ke8 57. b5 Kf8 58. b6 Kg8 59. b7 Kh8 60. b8=B Kg8 61. Bf4 Kf7 62. Kg2 Kg7 63. Kh3 Kh7 64. Kg4 Kg7 65. Nf5+ Kf7 66. Kg5 Kg8 67. Kg6 Kh8 68. Bg3 Kg8 69. Ne7+ Kf8 70. Bd6 Ke8 71. h6 Kd7 72. h7 Ke6 73. h8=B Kxd6 74. Kf6 Kd7 75. Nf5 Kc6 76. Ke5 Kc5 77. Bf6 Kc4 78. Ke4 Kc5 79. Bd4+ Kc4 80. Ne3+ 1-0


[Site "https://www.chess.com"]

[Event "Titled Tuesday Blitz March 15 Early 2022"]
[White "Nenezic, Marko"]
[Black "Araujo Filho, Luiz Antonio Coel"]
[WhiteFideId "912123"]
[BlackFideId "2130661"]
[WhiteElo "2457"]
[BlackElo "2196"]
[Result "1-0"]
[Round "04"]
[TimeControl "180+1"]
[Date "2022.03.15"]
[WhiteClock "0:00:20"]
[BlackClock "0:00:06"]

1. Nf3 f5 2. d3 g6 3. e4 fxe4 4. dxe4 Bg7 5. h4 Nf6 6. e5 Ng8 7. h5 Nc6 8. hxg6 hxg6 9. Rxh8 Bxh8 10. Bd3 e6 11. Bxg6+ Kf8 12. Qe2 Qe7 13. Ng5 Bxe5 14. Qh5 Bf6 15. Nc3 d5 16. Bd2 Qg7 17. O-O-O Bd7 18. Re1 Bxg5 19. Bxg5 Nce7 20. Bd3 c5 21. Re3 Be8 22. Rf3+ Bf7 23. Nb5 Nf5 24. Qg4 Ngh6 25. Qf4 Rc8 26. Nd6 Nxd6 27. Bxh6 1-0


[Site "https://www.chess.com"]

[Event "Titled Tuesday Blitz March 15 Early 2022"]
[White "Odegov, Artem"]
[Black "Tay, Junior"]
[WhiteFideId "34183644"]
[BlackFideId "5800439"]
[WhiteElo "2286"]
[BlackElo "2216"]
[Result "0-1"]
[Round "04"]
[TimeControl "180+1"]
[Date "2022.03.15"]
[WhiteClock "0:00:01"]
[BlackClock "0:00:54"]

1. d4 Nf6 2. c4 Nc6 3. d5 Ne5 4. e3 e6 5. f4 Ng6 6. Nc3 Bc5 7. Nf3 O-O 8. Bd3 exd5 9. cxd5 Re8 10. O-O Nxf4 11. Kh1 Nxd3 12. Qxd3 d6 13. e4 Ng4 14. Bg5 f6 15. Bh4 Bd7 16. Rae1 a6 17. e5 Nxe5 18. Nxe5 dxe5 19. d6 Bxd6 20. Ne4 Bb5 21. Nxf6+ Qxf6 22. Qb3+ Qe6 23. Rf3 Qxb3 24. axb3 Rf8 25. Rg3 Rf1+ 26. Rxf1 Bxf1 27. Bf6 g6 28. h4 Kf7 29. Bg5 Ke6 30. Rc3 Rf8 31. h5 gxh5 32. Bh4 Be2 33. b4 b5 34. b3 Rf4 35. g3 Rxb4 36. Kg2 e4 37. Bg5 Bf3+ 38. Kf2 c5 39. Bf4 Bxf4 40. gxf4 c4 41. bxc4 bxc4 42. Ra3 Rb2+ 43. Kg3 Rg2+ 44. Kh3 Kf5 45. Ra5+ Kxf4 46. Rxa6 Rg1 47. Ra1 Rxa1 0-1


[Site "https://www.chess.com"]

[Event "Titled Tuesday Blitz March 15 Early 2022"]
[White "Oganisian, Roman"]
[Black "Samaganova, Aleksandra"]
[WhiteFideId "4153006"]
[BlackFideId "13800221"]
[WhiteElo "2204"]
[BlackElo "1859"]
[Result "1-0"]
[Round "04"]
[TimeControl "180+1"]
[Date "2022.03.15"]
[WhiteClock "0:00:37"]
[BlackClock "0:00:03"]

1. e4 c5 2. Nc3 e6 3. g4 a6 4. Bg2 b5 5. d3 Bb7 6. f4 Qh4+ 7. Kf1 Bd6 8. e5 Bxg2+ 9. Kxg2 Bc7 10. Ne4 Nh6 11. h3 Qe7 12. Be3 d6 13. exd6 Bxd6 14. Qf3 Ra7 15. b4 Nd7 16. bxc5 Bc7 17. Nd6+ Kf8 18. Nc8 Qd8 19. Nxa7 f6 20. Qb7 Qb8 21. c6 Qxb7 22. cxb7 Nb8 23. a4 Ke7 24. axb5 axb5 25. Nxb5 Kd7 26. Ra8 Nf7 27. Ne2 Kc6 28. Rb1 Rd8 29. Nxc7 Kxc7 30. Bb6+ Kd7 31. Bxd8 1-0


[Site "https://www.chess.com"]

[Event "Titled Tuesday Blitz March 15 Early 2022"]
[White "P., Komal Kishore"]
[Black "Martic, Ivan"]
[WhiteFideId "5016703"]
[BlackFideId "929301"]
[WhiteElo "2124"]
[BlackElo "2317"]
[Result "0-1"]
[Round "04"]
[TimeControl "180+1"]
[Date "2022.03.15"]
[WhiteClock "0:00:46"]
[BlackClock "0:02:21"]

1. e4 g6 2. d4 Bg7 3. Nc3 d6 4. f4 a6 5. Nf3 b5 6. a3 Bb7 7. Bd3 Nd7 8. O-O c5 9. Be3 cxd4 10. Bxd4 Bxd4+ 11. Nxd4 Qb6 12. Bc4 bxc4 13. e5 dxe5 14. fxe5 Nxe5 15. Kh1 Nf6 16. Na4 Qc7 17. Qd2 O-O 18. b4 Rad8 19. Nc5 Neg4 0-1


[Site "https://www.chess.com"]

[Event "Titled Tuesday Blitz March 15 Early 2022"]
[White "Pakleza, Zbigniew"]
[Black "Atakhan, Abtin"]
[WhiteFideId "1119290"]
[BlackFideId "22502203"]
[WhiteElo "2467"]
[BlackElo "2119"]
[Result "0-1"]
[Round "04"]
[TimeControl "180+1"]
[Date "2022.03.15"]
[WhiteClock "0:00:06"]
[BlackClock "0:00:07"]

1. Nf3 d5 2. d4 Nf6 3. Bf4 c5 4. c3 Nc6 5. Nbd2 cxd4 6. cxd4 Bf5 7. e3 e6 8. Qb3 Bb4 9. a3 Qa5 10. Rd1 Bxd2+ 11. Nxd2 O-O 12. Qxb7 Rac8 13. Qa6 Ne4 14. f3 Nxd2 15. Rxd2 Rfe8 16. Bb5 Rf8 17. b4 Qb6 18. Kf2 Rfd8 19. Rc1 g5 20. Bxg5 Nxb4 21. Rxc8 Nxa6 22. Bxd8 Qb7 23. Bxa6 Qxa6 24. Rb8 Kg7 25. Bc7 Qxa3 26. Be5+ f6 27. Bf4 Kg6 28. g4 Bd3 29. h4 h5 30. gxh5+ Kxh5 31. Rh8+ Kg6 32. h5+ Kg7 33. Rb8 Qc3 34. Ra2 a6 35. Rab2 Bb5 36. Ra2 e5 37. dxe5 fxe5 38. Bg3 d4 39. Bxe5+ Kf7 40. Bxd4 Qc7 41. Rh8 Qh2+ 42. Ke1 Qxa2 43. h6 Qe2# 0-1


[Site "https://www.chess.com"]

[Event "Titled Tuesday Blitz March 15 Early 2022"]
[White "Paravyan, David"]
[Black "Nagy, Gabor"]
[WhiteFideId "4194985"]
[BlackFideId "737119"]
[WhiteElo "2569"]
[BlackElo "2534"]
[Result "1-0"]
[Round "04"]
[TimeControl "180+1"]
[Date "2022.03.15"]
[WhiteClock "0:02:02"]
[BlackClock "0:01:04"]

1. e4 c5 2. Nf3 Nc6 3. d4 cxd4 4. Nxd4 Nf6 5. Nc3 d6 6. Bg5 e6 7. Qd2 a6 8. Nxc6 bxc6 9. O-O-O Be7 10. Bxf6 gxf6 11. Bc4 d5 12. exd5 cxd5 13. Nxd5 exd5 14. Bxd5 Ra7 15. Bc6+ Bd7 16. Rhe1 Rc7 17. Ba4 h5 18. Qd4 Rh6 19. Qf4 Rg6 20. Rxe7+ Qxe7 21. Qxc7 Bxa4 22. Qc8+ Qd8 23. Qxd8# 1-0


[Site "https://www.chess.com"]

[Event "Titled Tuesday Blitz March 15 Early 2022"]
[White "Perez Gormaz, Matias"]
[Black "Bacrot, Etienne"]
[WhiteFideId "3406342"]
[BlackFideId "605506"]
[WhiteElo "2327"]
[BlackElo "2673"]
[Result "0-1"]
[Round "04"]
[TimeControl "180+1"]
[Date "2022.03.15"]
[WhiteClock "0:00:01"]
[BlackClock "0:00:58"]

1. e4 c5 2. Nf3 d6 3. d4 cxd4 4. Nxd4 Nf6 5. Nc3 Nc6 6. Be2 g6 7. O-O Bg7 8. Be3 O-O 9. Qd2 Qa5 10. Nb3 Qc7 11. Rfe1 Be6 12. Nd5 Qd7 13. f3 Rfc8 14. c4 Qd8 15. Rac1 Nd7 16. Bg5 a5 17. Bh6 Bxh6 18. Qxh6 a4 19. Nd2 Bxd5 20. exd5 Nd4 21. Bd3 Ne5 22. Bb1 Qb6 23. Kh1 Qxb2 24. Ne4 Nf5 25. Qd2 a3 26. f4 Nxc4 27. Qd3 Nce3 28. Rxc8+ Rxc8 29. h3 Ng3+ 30. Nxg3 Qxg2# 0-1


[Site "https://www.chess.com"]

[Event "Titled Tuesday Blitz March 15 Early 2022"]
[White "Petersson, Kjell"]
[Black "Silva, Kaua Marques"]
[WhiteFideId "1705148"]
[BlackFideId "22701168"]
[WhiteElo "2009"]
[BlackElo "2071"]
[Result "1-0"]
[Round "04"]
[TimeControl "180+1"]
[Date "2022.03.15"]
[WhiteClock "0:00:23"]
[BlackClock "0:00:03"]

1. d4 Nf6 2. Bf4 d5 3. e3 Bg4 4. f3 Bh5 5. g4 Bg6 6. h4 h5 7. g5 Nfd7 8. Bd3 Bxd3 9. Qxd3 g6 10. Nc3 c6 11. Nge2 Bg7 12. e4 e6 13. Bd6 Bf8 14. Bxf8 Kxf8 15. O-O-O Kg7 16. f4 b5 17. f5 Rf8 18. fxg6 fxg6 19. e5 Qa5 20. Rdf1 Na6 21. Nf4 Rxf4 22. Rxf4 b4 23. Nb1 Rf8 24. Qf3 Rxf4 25. Qxf4 Qd8 26. Rf1 Qe7 27. Nd2 Nc7 28. Nb3 Nb5 29. Rf2 Nc7 30. Rf3 Na6 31. Rf1 Nab8 32. Na5 Qe8 33. Nb7 Qe7 34. Nd6 Kg8 35. Qf7+ Qxf7 36. Rxf7 a5 37. Re7 Nf8 38. Re8 Nd7 39. Rd8 Kg7 40. Nb7 c5 41. dxc5 Nxe5 42. Nxa5 Kf7 43. c6 Ke7 44. c7 1-0


[Site "https://www.chess.com"]

[Event "Titled Tuesday Blitz March 15 Early 2022"]
[White "Petrova, Irina"]
[Black "Sovetbekova, Nurai"]
[WhiteFideId "14124122"]
[BlackFideId "13801910"]
[WhiteElo "1993"]
[BlackElo "1538"]
[Result "0-1"]
[Round "04"]
[TimeControl "180+1"]
[Date "2022.03.15"]
[WhiteClock "0:00:01"]
[BlackClock "0:00:04"]

1. e4 c5 2. Nf3 d6 3. Bb5+ Nd7 4. O-O Nf6 5. Re1 g6 6. c3 Bg7 7. d4 cxd4 8. cxd4 a6 9. Bf1 O-O 10. Nc3 Nb6 11. h3 Bd7 12. b3 Rc8 13. Bb2 d5 14. e5 Ne4 15. Nxe4 dxe4 16. Rxe4 Bc6 17. Re1 Qd7 18. Rc1 Nd5 19. Rc5 b6 20. Rc1 a5 21. Nd2 Nf4 22. Ne4 f5 23. exf6 exf6 24. Bc4+ Kh8 25. Qd2 f5 26. Qxf4 fxe4 27. Qg3 Rf5 28. d5 Bxd5 29. Bxg7+ Kxg7 30. Bxd5 Rxc1 31. Rxc1 Qxd5 32. Rc7+ Rf7 33. Rxf7+ Kxf7 34. Qc7+ Kg8 35. Qxb6 Qd1+ 36. Kh2 Qe2 37. Qe3 Qxa2 38. Kg3 a4 39. bxa4 Qxa4 40. Kf4 Qd7 41. Kxe4 Qf5+ 42. Kd4 Qf6+ 43. Kd3 Qd6+ 44. Ke2 Qb4 45. Qe6+ Kg7 46. Qe5+ Kg8 47. Qe6+ Kg7 48. g3 Qb2+ 49. Kf3 Qc3+ 50. Qe3 Qc6+ 51. Ke2 Qc2+ 52. Qd2 Qe4+ 53. Kd1 Qh1+ 54. Qe1 Qxh3 55. Qe5+ Kh6 56. Qf4+ Kg7 57. Qe5+ Kf7 58. Qd5+ Kf6 59. Qd4+ Ke6 60. Qe3+ Kf5 61. Qf3+ Ke6 62. Qe2+ Kf6 63. Qf3+ Qf5 64. Qc6+ Kg5 65. Ke2 Qe5+ 66. Kf1 Qf5 67. Kg2 Kh5 68. Qc2 Kh6 0-1


[Site "https://www.chess.com"]

[Event "Titled Tuesday Blitz March 15 Early 2022"]
[White "Polster, Christian"]
[Black "Shuvalova, Polina"]
[WhiteFideId "12965081"]
[BlackFideId "24171760"]
[WhiteElo "2294"]
[BlackElo "2355"]
[Result "0-1"]
[Round "04"]
[TimeControl "180+1"]
[Date "2022.03.15"]
[WhiteClock "0:00:06"]
[BlackClock "0:00:51"]

1. e4 c5 2. Nc3 d6 3. Nge2 Nf6 4. g3 Nc6 5. Bg2 g6 6. O-O Bg7 7. d3 O-O 8. h3 Rb8 9. a4 a6 10. f4 Nd7 11. Be3 Nd4 12. a5 b5 13. axb6 Rxb6 14. Ra2 e6 15. f5 exf5 16. exf5 Nxf5 17. Rxf5 gxf5 18. Qd2 Bb7 19. Bg5 Qa8 20. Bxb7 Qxb7 21. Bh6 f6 22. Bxg7 Kxg7 23. Nf4 Re8 24. Nh5+ Kg6 25. Nd5 Rxb2 26. Ndf4+ Kf7 27. Qa5 Rb1+ 28. Kf2 Qh1 29. Qc7 Qf1# 0-1


[Site "https://www.chess.com"]

[Event "Titled Tuesday Blitz March 15 Early 2022"]
[White "Popadic, Dragan"]
[Black "De Souza, Cristiano Gomes"]
[WhiteFideId "913650"]
[BlackFideId "2151758"]
[WhiteElo "2222"]
[BlackElo "2068"]
[Result "1-0"]
[Round "04"]
[TimeControl "180+1"]
[Date "2022.03.15"]
[WhiteClock "0:02:12"]
[BlackClock "0:01:32"]

1. e4 c5 2. Nc3 d6 3. f4 a6 4. a4 g6 5. Nf3 Bg7 6. Bc4 Nc6 7. d3 e6 8. O-O Nge7 9. Qe1 O-O 10. f5 exf5 11. Qh4 Ne5 12. Bg5 Re8 13. Nxe5 dxe5 14. Nd5 Kf8 15. Qxh7 Be6 16. Nxe7 Rxe7 17. Bxe6 fxe6 18. Bxe7+ Qxe7 19. Qxg6 Qf7 20. Qxf7+ Kxf7 21. exf5 exf5 22. Rxf5+ Ke6 23. Raf1 Rd8 24. Rf7 1-0


[Site "https://www.chess.com"]